 Dungeon Crawl Stone Soup version 0.30-a0-622-gddc90eaa04 (webtiles) character file.

Game seed: 6399467926154170843

963 bmack86 the Trooper (level 7, -8/64 HPs)
             Began as a Minotaur Fighter on Jan 11, 2023.
             Killed from afar by a steam dragon (17 damage)
             ... with a ball of steam
             ... on level 7 of the Dungeon.
             The game lasted 00:09:16 (3411 turns).

bmack86 the Trooper (Minotaur Fighter)              Turns: 3411, Time: 00:09:17

Health: -8/64      AC: 13    Str: 23    XL:     7   Next: 92%
Magic:  6/6        EV:  6    Int: 11    God:
Gold:   333        SH:  5    Dex:  9    Spells: 6/6 levels left

rFire   . . .      SeeInvis .    a - +0 war axe (elec)
rCold   . . .      Faith    .    c - +0 buckler
rNeg    . . .      Spirit   .    f - +0 plate armour
rPois   .          Reflect  .    (helmet restricted)
rElec   .          Harm     .    (no cloak)
rCorr   .          Rampage  .    w - +0 pair of gloves
Will    +....                    (no boots) Stlth
                                 (no amulet)
HPRegen 0.30/turn                s - +6 ring of intelligence
MPRegen 0.10/turn                k - ring of willpower

@: no status effects
A: horns 2, retaliatory headbutt
a: no special abilities


You were on level 7 of the Dungeon.
You visited 1 branch of the dungeon, and saw 7 of its levels.

You collected 333 gold pieces.

Inventory:

Hand Weapons
 a - a +0 war axe of electrocution (weapon)
Missiles
 A - 6 poisoned darts (quivered)
Armour
 c - a +0 buckler (worn)
 f - a +0 plate armour (worn)
 w - a +0 pair of gloves (worn)
Jewellery
 g - an amulet of faith
 k - a ring of willpower (right hand)
 m - a ring of flight
 n - a +6 ring of intelligence
 s - a +6 ring of intelligence (left hand)
Wands
 b - a wand of light (5)
 u - a wand of roots (10)
Scrolls
 l - 2 scrolls of immolation
 p - 3 scrolls of teleportation
 r - a scroll of amnesia
 y - a scroll of enchant armour {unknown}
Potions
 d - 2 potions of might
 e - a potion of cancellation
 h - a potion of brilliance {unknown}
 i - 2 potions of degeneration
 j - a potion of mutation {unknown}
 o - 2 potions of curing
 q - 2 potions of heal wounds
 t - a potion of berserk rage {unknown}
 x - a potion of attraction {unknown}
 z - a potion of resistance {unknown}


   Skills:
 * Level 6.9 Fighting
 * Level 6.3 Axes
 + Level 2.6 Throwing
 + Level 5.6 Armour
 + Level 5.5 Shields


You had 6 spell levels left.
You didn't know any spells.
Your spell library contained the following spells:

 Spells                   Type           Power      Damage    Failure   Level
 Beastly Appendage        Tmut           0%         N/A       100%        1
 Freeze                   Ice            0%         1d3       100%        1
 Wereblood                Tmut           0%         N/A       100%        2
 Frozen Ramparts          Ice            0%         1d1       100%        3
 Gell's Gravitas          Tloc           0%         N/A       100%        3
 Hailstorm                Conj/Ice       0%         3d3       100%        3
 Spider Form              Tmut/Pois      0%         N/A       100%        3
 Teleport Other           Tloc           0%         N/A       100%        3
 Dispersal                Tloc           0%         N/A       100%        6


Dungeon Overview and Level Annotations

Branches:
Dungeon (7/15)             Temple (0/1) D:7

Altars:
Trog

Shops:
D:1 (


Innate Abilities, Weirdness & Mutations

You have a pair of horns on your head.
You reflexively headbutt those who attack you in melee.


Message History

The bullfrog hits you but does no damage.
The orc wizard hits you but does no damage.
The bullfrog hits you but does no damage.
You block the orc wizard's attack. The steam dragon breathes steam at you.
The ball of steam hits you!
* * * LOW HITPOINT WARNING * * *
The bullfrog swells and bulges.
You hear a shout!
Things that are here:
a +0 dagger; a +0 robe; an orc corpse You hit the orc wizard.
Lightning courses through the orc wizard!
The orc wizard is severely wounded.
You closely miss the steam dragon. You slash the bullfrog!
You are engulfed in a cloud of scalding steam.
The bullfrog hits you but does no damage.
The orc wizard hits you but does no damage.
The steam dragon bites you but does no damage.
The steam dragon claws you but does no damage.
The bullfrog hits you.
* * * LOW HITPOINT WARNING * * *
You barely miss the orc wizard. Your headbutt misses the orc wizard.
The orc wizard is severely wounded.
You barely miss the bullfrog.
You hit the steam dragon but do no damage.
Lightning courses through the steam dragon!
The bullfrog is engulfed in a cloud of scalding steam.
The bullfrog hits you but does no damage.
The orc wizard mumbles some strange words.
The orc wizard flickers and vanishes!
Deactivating autopickup; reactivate with Ctrl-A.
The steam dragon bites you.
* * * LOW HITPOINT WARNING * * *
The steam dragon claws you but does no damage.
The bullfrog is engulfed in a cloud of scalding steam.
The bullfrog dies!
The steam dragon breathes steam at you. The ball of steam hits you!
You die...

*,,,,,,,* ##*##.# *,*
**,,,,* *******,* #.,...#
*,#******,***
*,**##.##..###.,,,,,,,,,,,
*,,,,...#.....,,,,,,,,,,,,
*****#..#...#**,,,,,,,,,,,
#..#F).#####*****,***
#..#{D......*****,,**
######.)§###,,,,,,,,,,,,,
#.......@..#,**,*********
#.....§..#.#,,,,*
#......###.#**,,* *****
######...#,.,,,,* *,,,,
###.#.#*.#*,** *,***
#...#.#*,#*,* *,,,,
#.###,#****,* ***** ####.#
*,* *,* #....# *,*****,*


You could see a steam dragon (catching breath) and a bullfrog.

Vanquished Creatures
  A hornet (D:5)
  A steam dragon (D:7)
  An ice beast (D:5)
  A black bear (D:5)
  A necrophage (D:5)
  3 hounds (D:5)
  3 orc wizards
  4 gnolls (D:5)
  3 adders
  A shadow imp (D:4)
  A worm (D:2)
  A dart slug (D:2)
  7 orcs
  9 ball pythons
  5 endoplasms
  3 giant cockroaches
  9 goblins
  6 hobgoblins
  8 jackals
  8 kobolds
  4 quokkas
  8 bats
  2 frilled lizards
  5 rats
95 creatures vanquished.

Vanquished Creatures (others)
  A bullfrog (D:7)
  An orc wizard (D:7)
  An orc (D:7)
3 creatures vanquished.

Grand Total: 98 creatures vanquished

Notes
Turn   | Place    | Note
-------+----------+-------------------------------------------
     0 | D:1      | bmack86 the Minotaur Fighter began the quest for the Orb.
     0 | D:1      | Reached XP level 1. HP: 19/19 MP: 0/0
    87 | D:1      | Found Dul Can's Antique Weapon Boutique.
   106 | D:1      | Reached XP level 2. HP: 27/27 MP: 1/1
   290 | D:1      | Reached XP level 3. HP: 33/33 MP: 2/2
   721 | D:2      | Reached XP level 4. HP: 41/41 MP: 3/3
   781 | D:2      | Found a bloodstained altar of Trog.
  1927 | D:4      | Found a bloodstained altar of Trog.
  2509 | D:5      | Entered Level 5 of the Dungeon
  2524 | D:5      | Reached skill level 5 in Fighting
  2524 | D:5      | Reached XP level 5. HP: 48/48 MP: 4/4
  2651 | D:5      | Reached skill level 1 in Throwing
  2651 | D:5      | Reached XP level 6. HP: 41/56 MP: 5/5
  2764 | D:5      | Noticed an ice beast
  2775 | D:5      | Killed an ice beast
  2776 | D:5      | Reached skill level 5 in Axes
  2872 | D:5      | Noticed a hornet
  2881 | D:5      | Killed a hornet
  2882 | D:5      | Reached skill level 5 in Armour
  2882 | D:5      | Reached skill level 5 in Shields
  2882 | D:5      | Reached XP level 7. HP: 33/63 MP: 6/6
  3391 | D:7      | Noticed a steam dragon
  3400 | D:7      | Killed a steam dragon
  3403 | D:7      | Noticed a steam dragon
  3411 | D:7      | Killed from afar by a steam dragon

Illustrated notes

Levels and vault maps discovered:
D:1:      dpeg_arrival_pits, layout_rooms, serial_shops,
          nicolae_shop_hallway_stairs
D:2:      layout_basic, basic_altar
D:3:      layout_basic, kennysheep_donut
D:4:      layout_loops_ring, trog_book, grunt_ministairs_14,
          minmay_misc_feat_tower, minivault_26
D:5:      layout_loops_ring, corner_web_ring
D:6:      layout_gridville, uniq_pikel
D:7:      layout_basic, minmay_temple_entry_arrows, enter_bailey_5,
          chequers_serial_rivers_micro_a

Skill      XL: |  1  2  3  4  5  6  7 |
---------------+----------------------+-----
Fighting       | 4 5 6 |  6.9
Axes           | 3 4 5 6 |  6.3
Armour         | 4 5 |  5.6
Shields        | 4 5 |  5.5
Throwing       | 1 2 |  2.6

Action                   |  1- 3 |  4- 6 |  7- 9 || total
-------------------------+-------+-------+-------++-------
Melee: War axe           |    75 |   113 |    16 ||   204
       Headbutt          |     5 |    14 |     2 ||    21
  Use: Scroll            |       |    13 |     4 ||    17
Armor: Scale mail        |    52 |    24 |       ||    76
       Plate armour      |       |    47 |    25 ||    72
Dodge: Dodged            |    52 |    40 |     9 ||   101
Block: Buckler           |    15 |    37 |     3 ||    55

Table legend: (Time is in decaauts)
 A = Elapsed time spent in this place.
 B = Non-inter-level travel time spent in this place.
 C = Inter-level travel time spent in this place.
 D = Time resting spent in this place.
 E = Time spent auto-exploring this place.
 F = Levels seen in this place.
 G = Mean time per level.
                   A        B        C        D        E       F      G
               +--------+--------+--------+--------+--------+-----+--------+
         Total |   3481 |   3348 |    133 |      0 |   2234 |   7 |  497.3 |
       Dungeon |   3481 |   3348 |    133 |      0 |   2234 |   7 |  497.3 |
               +--------+--------+--------+--------+--------+-----+--------+

Top non-repeatable levels by time:
     D:5: 819 daAuts
     D:3: 736 daAuts
     D:4: 690 daAuts
     D:2: 617 daAuts
     D:1: 514 daAuts
     D:7: 58 daAuts
     D:6: 45 daAuts
